 Dungeon Crawl Stone Soup version 0.30.1-3-gfc49f6343a (webtiles) character file.

Game seed: 1154536829740352730

28505 cowcol the Severer (level 13, -4/190 HPs)
             Began as a Minotaur Fighter on July 25, 2023.
             Was the Champion of Okawaru.
             Slain by a phantasmal warrior (14 damage)
             ... led by a death knight
             ... on level 14 of the Dungeon on July 27, 2023.
             The game lasted 00:55:53 (13446 turns).

cowcol the Severer (Minotaur Fighter)              Turns: 13446, Time: 00:55:54

Health: -4/190     AC: 26    Str: 25    XL:     13   Next: 10%
Magic:  13/13      EV: 10    Int:  9    God:    Okawaru [******]
Gold:   302        SH:  0    Dex:  9    Spells: 12/12 levels left

rFire   . . .        S - +0 executioner's axe (heavy)
rCold   . . .        (shield currently unavailable)
rNeg    + . .        X - +0 pearl dragon scales
rPois   .            (helmet restricted)
rElec   .            x - +0 cloak
rCorr   .            (no gloves)
SInv    +            D - +2 pair of boots
Will    .....        d - amulet of regeneration Stlth
                     r - ring of willpower
HPRegen 1.31/turn    z - +4 ring of protection
MPRegen 0.13/turn

%: no passive effects
@: berserking (expiring), silenced, weak-willed, very quick
A: horns 2, retaliatory headbutt, talons 1, iridescent scales 1, see invisible,
clever 1, wild magic 1
a: Renounce Religion


You were on level 14 of the Dungeon.
You worshipped Okawaru.
Okawaru was exalted by your worship.
You visited 2 branches of the dungeon, and saw 15 of its levels.

You collected 1003 gold pieces.
You spent 701 gold pieces at shops.

Inventory:

Hand Weapons
 a - a +0 war axe
 G - a +2 war axe of draining
 I - a +7 battleaxe
 S - a +0 heavy executioner's axe (weapon)
 Z - a +6 vampiric lajatang
Missiles
 f - 12 boomerangs
 u - 7 atropa-tipped darts
 w - 35 poisoned darts (quivered)
 R - 2 silver javelins
 T - 4 javelins
Armour
 b - a +0 scale mail
 c - a +0 buckler
 v - a +1 plate armour
 x - a +0 cloak (worn)
 D - a +2 pair of boots (worn)
 X - +0 pearl dragon scales (worn)
Jewellery
 d - an amulet of regeneration (around neck)
 p - a +6 ring of strength
 q - a ring of wizardry
 r - a ring of willpower (left hand)
 z - a +4 ring of protection (right hand)
 E - a ring of poison resistance
 P - the amulet "Tiegy" {Acrobat rCorr}
   (You took it off a wight on level 9 of the Dungeon)

   [amulet of the acrobat]

   It increases your evasion while moving and waiting.
   rCorr:     It protects you from acid and corrosion.
Wands
 i - a wand of acid (7)
 k - a wand of flame (54)
 H - a wand of mindburst (4)
 L - a wand of digging (5)
 M - a wand of iceblast (14)
Scrolls
 g - 2 scrolls of amnesia
 h - 4 scrolls of teleportation
 s - 2 scrolls of immolation
 y - 3 scrolls of fog
 F - a scroll of torment
 N - a scroll of magic mapping
 O - 2 scrolls of fear
 Q - 3 scrolls of poison
 V - a scroll of identify
Potions
 e - 5 potions of mutation
 j - 3 potions of lignification
 l - 2 potions of haste
 m - 2 potions of resistance {unknown}
 n - a potion of invisibility {unknown}
 o - 4 potions of attraction {unknown}
 t - 2 potions of flight {unknown}
 A - 5 potions of might
 B - 3 potions of curing
 C - 2 potions of magic {unknown}
 J - 3 potions of ambrosia
 K - 2 potions of brilliance {unknown}


   Skills:
 + Level 15.4 Fighting
 - Level 18.0 Axes
 + Level 3.2 Throwing
 - Level 12.0 Armour
 + Level 1.2 Dodging
 - Level 3.6 Shields
 + Level 2.0 Invocations


You had 12 spell levels left.
You didn't know any spells.
Your spell library contained the following spells:

 Spells                   Type           Power      Damage    Failure   Level
 Freeze                   Ice            0%         1d3       73%         1
 Slow                     Hex            0%         N/A       73%         1
 Cigotuvi's Dreadful Rot  Necr/Pois/Air  0%         N/A       86%         2
 Lesser Beckoning         Tloc           0%         N/A       86%         2
 Confusing Touch          Hex            0%         N/A       97%         3
 Dazzling Flash           Conj/Hex       0%         N/A       97%         3
 Frozen Ramparts          Ice            0%         1d1       97%         3
 Gell's Gravitas          Tloc           0%         N/A       97%         3
 Hailstorm                Conj/Ice       0%         3d3       97%         3
 Ignite Poison            Fire/Tmut/Pois 0%         N/A       97%         3
 Teleport Other           Tloc           0%         N/A       97%         3
 Vampiric Draining        Necr           0%         2d6       97%         3
 Vhi's Electric Charge    Tloc/Air       0%         N/A       97%         3
 Volatile Blastmotes      Fire/Tloc      0%         2d10      97%         3
 Iskenderun's Mystic Bla  Conj/Tloc      0%         2d3       100%        4
 Petrify                  Tmut/Erth      0%         N/A       100%        4
 Arcjolt                  Conj/Air       0%         1d10      100%        5
 Freezing Cloud           Conj/Ice/Air   0%         6-21      100%        5
 Metabolic Englaciation   Hex/Ice        0%         N/A       100%        5
 Plasma Beam              Fire/Air       0%         2x1d11    100%        6
 Starburst                Conj/Fire      0%         6d3       100%        6
 Statue Form              Tmut/Erth      0%         N/A       100%        6


Dungeon Overview and Level Annotations

Branches:
Dungeon (14/15)            Temple (1/1) D:5            Lair (0/5) D:10
    Orc (0/2) D:9
 Vaults: D:13-14

Altars:
Ashenzari
Cheibriados
Dithmenos
Elyvilon
Fedhas
Gozag
Hepliaklqana
Kikubaaqudgha
Makhleb
Nemelex Xobeh
Okawaru
Qazlal
Ru
Sif Muna
Trog
Uskayaw
Vehumet
Wu Jian
Xom
Yredelemnul
Zin
The Shining One

Shops:
D:6 ?=?

Annotations:
D:3 3 runed translucent doors, bftschaos's ghost, amateur DrCj
D:4 2 transporters, Jingleheimer's ghost, amateur MeEE
D:12 1 runed translucent door
D:14 3 runed translucent doors, Ficoysum's ghost, journeyman GnWn


Innate Abilities, Weirdness & Mutations

You have a pair of horns on your head.
You reflexively headbutt those who attack you in melee.
You have sharp toenails.
You are partially covered in iridescent scales. (AC +2)
You have supernaturally acute eyesight. (SInv)
Your mind is acute. (Int +4, Str/Dex -1)
Your spells are a little harder to cast, but a little more powerful.


Message History

* * * LOW HITPOINT WARNING * * *
The deep elf zephyrmancer hits you but does no damage.
The phantasmal warrior hits you.
* * * LOW HITPOINT WARNING * * *
Your willpower is stripped away!
You slice the deep elf zephyrmancer!!
You kill the deep elf zephyrmancer!
Okawaru accepts your kill.
You slice the phantasmal warrior!! You barely miss the freezing wraith.
The phantasmal warrior closely misses you.
You furiously retaliate!
You headbutt the phantasmal warrior! The freezing wraith hits you.
* * * LOW HITPOINT WARNING * * *
The freezing wraith freezes you!
* * * LOW HITPOINT WARNING * * *
The freezing wraith hits you but does no damage.
The death knight hits you but does no damage.
The death knight hits you from afar with a +4 glaive!
* * * LOW HITPOINT WARNING * * *
The freezing wraith closely misses you.
The freezing wraith hits you but does no damage.
The phantasmal warrior hits you but does no damage.
The freezing wraith attacks as you move away!
The freezing wraith hits you but does no damage. x2
Things that are here:
a +0 long sword; a +0 leather armour The phantasmal warrior gestures at you.
The phantasmal warrior blinks!
A red film seems to cover your vision as you go berserk!
You feel yourself moving faster!
You feel mighty!
You are too berserk!
You feel a strong urge to attack something.
You barely miss the phantasmal warrior. You headbutt the phantasmal warrior.
The phantasmal warrior is almost destroyed.
The phantasmal warrior hits you.
* * * LOW HITPOINT WARNING * * *
You closely miss the phantasmal warrior.
The phantasmal warrior is almost destroyed.
The phantasmal warrior hits you!
You die...

#.##..# ###.. #...# #. c #.#..#
!..}(##..#.... #c ##. #.#ZW#
.$=...#.Z#..## # #..#c# #.#D.#
.....#DZ##.# #.#..#.#
##.##..###...Z.k. #.# ........
#...#......ZW... ##.#
#.#..#.#####c#W##..C####..###..#
...c.......eccp.#####..####...##
.....)...e.c.##.@W...........##
#.#..#.###############.....#.#
.o...... ###...#.# #.#..#.##
#..##.# # #..#.# #..##.# #. ##.
#>.##.. #. . #.....# # # #...#.#


You could see a death knight, a centaur warrior, a phantasmal warrior
(unsilenced), 2 yaktaurs, a freezing wraith and a deep elf zephyrmancer.

Vanquished Creatures
  A catoblepas (D:14)
  5 two-headed ogres
  A centaur warrior (D:14)
  3 boulder beetles
  A skeletal warrior (D:9)
  Pikel (D:5)
  A deep elf zephyrmancer (D:14)
  A manticore (D:13)
  3 cyclopes
  7 ugly things
  2 gargoyles
  An unseen horror (D:12)
  A rime drake (D:10)
  A freezing wraith (D:14)
  A kobold demonologist (D:13)
  2 polar bears (D:9)
  5 trolls
  2 hornets
  4 slime creatures
  2 shadows
  5 wraiths
  18 yaks
  A vampire (D:11)
  A wyvern (D:9)
  A basilisk (D:12)
  Grum (D:9)
  4 vampire mosquitoes
  Edmund (D:5)
  3 acid dragons
  3 water moccasins
  A sky beast (D:8)
  9 orc warriors
  7 ice beasts
  2 black bears
  3 wolves
  18 centaurs
  7 ogres
  An ogre (shapeshifter) (D:11)
  3 phantoms
  3 kobold brigands
  2 lemures
  Blork the orc (D:5)
  3 scorpions
  2 bullfrogs
  6 wights
  9 killer bees
  7 howler monkeys
  A crimson imp (D:9)
  2 bullfrog zombies (D:6)
  5 hounds (D:5)
  2 jellies
  8 orc priests
  2 gnoll boudas
  Jessica (D:2)
  2 sleepcaps
  4 iguanas
  19 orc wizards
  Natasha (thrice) (D:2)
  13 gnolls
  2 adders
  2 white imps
  An ufetubus (D:5)
  3 worms
  81 orcs
  9 ball pythons
  7 endoplasms
  6 giant cockroaches
  7 hobgoblins
  4 jackals (D:5)
  16 kobolds
  3 quokkas
  8 bats
  3 frilled lizards
  10 goblins
  4 rats
395 creatures vanquished.

Notes
Turn   | Place    | Note
-------+----------+-------------------------------------------
     0 | D:1      | cowcol the Minotaur Fighter began the quest for the Orb.
     0 | D:1      | Reached XP level 1. HP: 19/19 MP: 0/0
   191 | D:1      | Reached XP level 2. HP: 27/27 MP: 1/1
   537 | D:1      | Reached XP level 3. HP: 34/34 MP: 2/2
   778 | D:2      | Noticed Jessica
   781 | D:2      | Killed Jessica
   870 | D:2      | Noticed Natasha
   875 | D:2      | Killed Natasha
   876 | D:2      | Reached skill level 5 in Fighting
   876 | D:2      | Reached skill level 5 in Armour
   876 | D:2      | Reached XP level 4. HP: 41/42 MP: 3/3
  1140 | D:2      | Noticed Natasha
  1152 | D:2      | Killed Natasha
  1174 | D:2      | Noticed Natasha
  1213 | D:2      | HP: 1/42 [Natasha/magic dart (3)]
  1215 | D:2      | Killed Natasha
  1216 | D:2      | Reached XP level 5. HP: 2/48 MP: 4/4
  1909 | D:2      | Gained mutation: Your muscles are strong. (Str +4, Int/Dex
                  | -1) [potion of mutation]
  1909 | D:2      | Gained mutation: Potions are less effective at restoring
                  | your health. [potion of mutation]
  1909 | D:2      | Gained mutation: You have sharp toenails. [potion of
                  | mutation]
  1909 | D:2      | Gained mutation: Your spells are a little harder to cast,
                  | but a little more powerful. [potion of mutation]
  1910 | D:2      | Lost mutation: Potions are less effective at restoring your
                  | health. [potion of mutation]
  1910 | D:2      | Lost mutation: Your muscles are strong. (Str +4, Int/Dex
                  | -1) [potion of mutation]
  1910 | D:2      | Gained mutation: You are partially covered in iridescent
                  | scales. (AC +2) [potion of mutation]
  1910 | D:2      | Gained mutation: You have supernaturally acute eyesight.
                  | (SInv) [potion of mutation]
  1910 | D:2      | Gained mutation: Your mind is acute. (Int +4, Str/Dex -1)
                  | [potion of mutation]
  2332 | D:3      | Found a runed translucent gate.
  2332 | D:3      | Noticed bftschaos's ghost (amateur DrCj)
  2333 | D:3      | Found a runed translucent gate.
  2334 | D:3      | Found a runed translucent gate.
  2641 | D:4      | Found a shadowy altar of Dithmenos.
  2675 | D:4      | Found a transporter.
  2677 | D:4      | Noticed Jingleheimer's ghost (amateur MeEE)
  2814 | D:3      | Reached XP level 6. HP: 56/57 MP: 5/5
  2949 | D:4      | Found a transporter.
  3051 | D:4      | Reached skill level 1 in Throwing
  3059 | D:5      | Entered Level 5 of the Dungeon
  3151 | D:5      | Reached XP level 7. HP: 28/66 MP: 6/6
  3187 | D:5      | Found a blossoming altar of Fedhas.
  3187 | D:5      | Found a staircase to the Ecumenical Temple.
  3195 | Temple   | Entered the Ecumenical Temple
  3363 | Temple   | Became a worshipper of Warmaster Okawaru
  3542 | D:5      | Noticed Pikel
  3588 | D:5      | Killed Pikel
  3588 | D:5      | Reached * piety under Okawaru
  3588 | D:5      | Reached ** piety under Okawaru
  3589 | D:5      | Reached skill level 10 in Armour
  3589 | D:5      | Reached XP level 8. HP: 8/77 MP: 7/7
  3866 | D:5      | Noticed Blork the orc
  3926 | D:5      | Killed Blork the orc
  4249 | D:5      | Found a white marble altar of Elyvilon.
  4282 | D:5      | Reached *** piety under Okawaru
  4283 | D:5      | Reached skill level 1 in Invocations
  4283 | D:5      | Reached XP level 9. HP: 79/84 MP: 7/9
  4760 | D:5      | Reached skill level 3 in Axes
  4767 | D:5      | Reached skill level 4 in Axes
  4940 | D:6      | Noticed Edmund
  4940 | D:6      | Found Vusir's Jewellery Shop.
  5061 | D:5      | Killed Edmund
  5062 | D:5      | Reached skill level 5 in Axes
  5112 | D:6      | Reached skill level 10 in Fighting
  5122 | D:6      | Bought a ring of willpower for 275 gold pieces
  5171 | D:6      | Reached skill level 6 in Axes
  5195 | D:6      | Found Okinema's Magic Scroll Emporium.
  5211 | D:6      | Bought a scroll of identify for 30 gold pieces
  5258 | D:6      | Reached skill level 7 in Axes
  5279 | D:6      | Reached **** piety under Okawaru
  5418 | D:6      | Found Avur Eki's Magic Scroll Boutique.
  5547 | D:6      | Found a basalt altar of Yredelemnul.
  5624 | D:7      | Reached skill level 8 in Axes
  6117 | D:7      | Found an opulent altar of Gozag.
  6129 | D:7      | Found a radiant altar of Vehumet.
  6429 | D:8      | Reached skill level 9 in Axes
  6537 | D:8      | Reached XP level 10. HP: 61/93 MP: 10/10
  7027 | D:8      | Reached skill level 10 in Axes
  7147 | D:8      | Found a shimmering blue altar of Sif Muna.
  7147 | D:8      | Found a broken altar of Ashenzari.
  7188 | D:8      | Reached ***** piety under Okawaru
  7648 | D:9      | Reached skill level 11 in Axes
  7829 | D:9      | Found a runed translucent door.
  8079 | D:9      | Found a staircase to the Orcish Mines.
  8139 | D:9      | Found a runed translucent door.
  8163 | D:9      | Reached skill level 12 in Axes
  8265 | D:9      | Found a shimmering altar of Xom.
  8265 | D:9      | Found a burning altar of Makhleb.
  8483 | D:9      | Noticed Grum
  8612 | D:9      | Killed Grum
  8612 | D:9      | Identified the +2 pair of gloves "Huesaotoa" {Drain rCorr
                  | Str-3 SInv} (Okawaru gifted it to you on level 9 of the
                  | Dungeon)
  8612 | D:9      | Received a gift from Okawaru
  8655 | D:9      | Noticed a skeletal warrior
  8687 | D:9      | Killed a skeletal warrior
  8688 | D:9      | Reached XP level 11. HP: 45/104 MP: 9/11
  8772 | D:9      | Identified the amulet "Tiegy" {Acrobat rCorr}
  8773 | D:9      | Reached skill level 13 in Axes
  8793 | D:9      | You fall into a shaft and drop 1 floor!
  8793 | D:10     | Entered Level 10 of the Dungeon
  9171 | D:9      | Noticed a boulder beetle
  9172 | D:9      | Noticed a two-headed ogre
  9181 | D:9      | Killed a two-headed ogre
  9182 | D:9      | Reached skill level 14 in Axes
  9200 | D:9      | Killed a boulder beetle
  9608 | D:10     | Found a staircase to the Lair.
  9640 | D:9      | Reached skill level 15 in Axes
  9815 | D:10     | Received a gift from Okawaru
  9881 | D:6      | Bought a +4 ring of protection for 396 gold pieces
 10879 | D:11     | Identified the +2 triple sword of Zealous Tender Mercy
                  | {vamp, Str+3} (Okawaru gifted it to you on level 11 of the
                  | Dungeon)
 10879 | D:11     | Received a gift from Okawaru
 10885 | D:11     | Reached XP level 12. HP: 106/115 MP: 12/12
 11169 | D:12     | Found a runed translucent door.
 11193 | D:12     | Reached skill level 16 in Axes
 11383 | D:12     | Noticed a two-headed ogre
 11389 | D:12     | Killed a two-headed ogre
 11396 | D:12     | Noticed a two-headed ogre
 11397 | D:12     | Noticed a boulder beetle
 11403 | D:12     | Killed a two-headed ogre
 11416 | D:12     | Killed a boulder beetle
 11450 | D:12     | Noticed a two-headed ogre
 11458 | D:12     | Killed a two-headed ogre
 11875 | D:13     | Noticed a two-headed ogre
 11881 | D:13     | Killed a two-headed ogre
 11882 | D:13     | Reached skill level 17 in Axes
 12197 | D:13     | Received a gift from Okawaru
 12411 | D:13     | Reached ****** piety under Okawaru
 12411 | D:13     | Received a gift from Okawaru
 12728 | D:14     | Noticed a boulder beetle
 12734 | D:14     | Killed a boulder beetle
 12868 | D:14     | Noticed a centaur warrior
 12885 | D:14     | Killed a centaur warrior
 12886 | D:14     | Reached skill level 18 in Axes
 13248 | D:14     | Reached skill level 15 in Fighting
 13248 | D:14     | Reached XP level 13. HP: 125/126 MP: 11/13
 13253 | D:14     | Received a gift from Okawaru
 13254 | D:14     | Reached skill level 1 in Dodging
 13296 | D:14     | Found a runed translucent gate.
 13296 | D:14     | Found a runed translucent gate.
 13296 | D:14     | Found a runed translucent gate.
 13384 | D:14     | Noticed Ficoysum's ghost (journeyman GnWn)
 13384 | D:14     | Noticed a frost giant
 13440 | D:14     | HP: 5/127 [death knight/+4 glaive (17)]
 13445 | D:14     | HP: 9/190 [phantasmal warrior[a death knight] (6)]
 13446 | D:14     | Slain by a phantasmal warrior

Illustrated notes

Levels and vault maps discovered:
D:1:      lemuel_arrival_cross, layout_rooms
D:2:      layout_basic, solitary_fountain, uniq_natasha, uniq_jessica
D:3:      layout_rooms, gammafunk_ghost_nasty_kobolds
D:4:      layout_rooms, grunt_dithmenos_smoke, gammafunk_ghost_mausoleum
D:5:      minmay_thinvault, layout_cave_pools, fedhas_bush_and_centaur_altar,
          elyvilon_altar_5, minmay_temple_entry_mist, uniq_blork_the_orc,
          uniq_pikel
D:6:      layout_rooms, lemuel_zombie_altar_yredelemnul, serial_shops, shop,
          nicolae_shop_hallway_plus, shop, uniq_edmund
D:7:      layout_basic, vehumet_altar_wand_db, grunt_gozag_statues
D:8:      layout_rooms, gammafunk_temple_overflow_wave, special_room
          [special_room_orc]
D:9:      cheibrodos_histonic, layout_cave_pools,
          grunt_temple_overflow_champion_of_chaos, hiddenorc1_lemuel, uniq_grum
D:10:     layout_small_grid, hellmonk_lair_entry_icy
D:11:     layout_cave_pools
D:12:     layout_cave_pools, minmay_misc_feat_plants, hangedman_decor_riveting,
          nicolae_danse_macabre
D:13:     layout_loops_cross
D:14:     layout_basic, hangedman_vaults_entry_quadrant_bands,
          gammafunk_ghost_icy, zin_treasury
Temple:   chequers_temple_sunken

Skill      XL: |  1  2  3  4  5  6  7  8  9 10 11 12 13 |
---------------+----------------------------------------+-----
Fighting       | 4 5 6 7 8 9 10 11 13 15 | 15.4
Armour         | 4 5 6 7 10 11 12 | 12.0
Throwing       | 1 2 3 |  3.2
Invocations    | 1 2 |  2.0
Axes           | 9 12 15 18 | 18.0
Dodging        | 1 |  1.2
Shields        | |  3.6

Action                     |  1- 3 |  4- 6 |  7- 9 | 10-12 | 13-15 || total
---------------------------+-------+-------+-------+-------+-------++-------
  Melee: War axe           |    72 |   121 |   219 |    61 |       ||   473
         Headbutt          |    10 |    12 |    38 |    88 |     3 ||   151
         Kick              |       |    26 |    54 |       |       ||    80
         Battleaxe         |       |       |       |   438 |     5 ||   443
         Executioner's axe |       |       |       |       |     9 ||     9
  Throw: Dart              |     1 |     5 |     4 |    15 |       ||    25
         Boomerang         |       |       |     5 |    13 |       ||    18
 Invoke: Heroism           |       |       |     3 |     7 |       ||    10
    Use: Scroll            |     2 |     3 |     4 |    13 |     2 ||    24
         Potion            |     1 |     4 |     2 |     6 |     2 ||    15
 Armour: Scale mail        |    37 |    52 |    77 |       |       ||   166
         Plate armour      |       |       |   107 |   398 |       ||   505
         Pearl dragon scal |       |       |       |    31 |    29 ||    60
  Dodge: Dodged            |    25 |    71 |   116 |   232 |    19 ||   463
  Block: Buckler           |    21 |    24 |    82 |    18 |       ||   145
